 Dungeon Crawl Stone Soup version 0.27-a0-1119-gbf574a6a6b (webtiles) character file.

Game seed: 17029969066337297246

22458 wakim the Covert (level 13, -3/67 HPs)
             Began as a Vine Stalker Fighter on May 2, 2021.
             Was a Follower of Uskayaw.
             Slain by an eight-headed hydra (10 damage)
             ... on level 1 of the Lair of Beasts.
             The game lasted 00:52:04 (15215 turns).

wakim the Covert (Vine Stalker Fighter)            Turns: 15215, Time: 00:52:05

Health: -3/67      AC:  9    Str: 17    XL:     13   Next: 0%
Magic:  0/17       EV: 16    Int:  7    God:    Uskayaw [*.....]
Gold:   809        SH: 12    Dex: 21    Spells: 12/12 levels left

rFire    . . .     SeeInvis .   a - +0 rapier (elec)
rCold    + . .     Faith    .   c - +1 kite shield
rNeg     + . .     Spirit   +   j - +1 leather armour of the Eagle {rElec rC+ Stlth+}
rPois    +         Reflect  .   q - +1 hat {Stlth+}
rElec    +         Harm     .   n - +2 ratskin cloak {*Rats rPois rN+ Str-1 Int-1 Dex+1}
rCorr    .         Rampage  .   (no gloves)
Will     ++...                  (no boots)
Stlth    +++++++...             e - amulet of the acrobat
HPRegen  1.21/turn              m - ring of willpower
MPRegen  0.15/turn              (no ring)

@: studying Transmutations
A: fangs 3, regeneration 1, magic shield, antimagic bite, no potion heal 2
a: Renounce Religion, Stomp


You were on level 1 of the Lair of Beasts.
You worshipped Uskayaw.
Uskayaw was noncommittal.
You visited 3 branches of the dungeon, and saw 14 of its levels.
You also visited: Bailey.

You collected 809 gold pieces.

Inventory:

Hand Weapons
 a - a +0 rapier of electrocution (weapon)
 b - a +1 dagger of venom
Missiles
 i - 42 boomerangs (quivered)
Armour
 c - a +1 kite shield (worn)
 j - the +1 leather armour of the Eagle (worn) {rElec rC+ Stlth+}
   (You found it on level 5 of the Dungeon)

   It protects you from cold.
   It insulates you from electricity.
   It makes you more stealthy.
 n - the +2 ratskin cloak (worn) {*Rats rPois rN+ Str-1 Int-1 Dex+1}
   (You found it on level 7 of the Dungeon)

   It affects your strength (-1).
   It affects your intelligence (-1).
   It affects your dexterity (+1).
   It protects you from poison.
   It protects you from negative energy.
 q - a +1 hat of stealth (worn)
 s - +0 acid dragon scales
Jewellery
 d - a +6 ring of strength
 e - an amulet of the acrobat (around neck)
 m - a ring of willpower (left hand)
Wands
 g - a wand of charming (13)
 t - a wand of digging (3)
 v - a wand of flame (22)
 x - a wand of iceblast (6)
 z - a wand of polymorph (10)
Scrolls
 h - a scroll of enchant armour
 Q - 5 scrolls of immolation {!r!r}
 U - a scroll of fear
 X - a scroll of fog
 Y - a scroll of blinking {!r}
Potions
 f - 2 potions of berserk rage {unknown}
 o - 2 potions of experience {unknown}
 p - a potion of attraction {unknown}
 u - a potion of degeneration {unknown}
 D - 5 potions of brilliance
 F - 5 potions of curing
 I - 3 potions of invisibility
 K - 5 potions of magic
 N - 2 potions of might


   Skills:
 + Level 7.2 Fighting
 * Level 9.6 Short Blades
 + Level 6.5 Armour
 * Level 8.4 Dodging
 + Level 11.3 Stealth
 + Level 7.2 Shields
 + Level 4.9 Invocations


You had 12 spell levels left.
You didn't know any spells.
Your spell library contained the following spells:

 Spells                   Type           Power      Damage    Failure   Level
 Animate Skeleton         Necr           0%         N/A       83%         1
 Apportation              Tloc           0%         N/A       83%         1
 Beastly Appendage        Tmut           0%         N/A       83%         1
 Corona                   Hex            0%         N/A       83%         1
 Magic Dart               Conj           0%         1d3       83%         1
 Pain                     Necr           0%         1d4       83%         1
 Sandblast                Erth           0%         2d4       83%         1
 Shock                    Conj/Air       0%         1d3       83%         1
 Sting                    Tmut/Pois      0%         1d3       83%         1
 Summon Small Mammal      Summ           0%         N/A       83%         1
 Call Imp                 Summ           0%         N/A       92%         2
 Passwall                 Tmut/Erth      0%         N/A       92%         2
 Poisonous Vapours        Pois/Air       0%         N/A       92%         2
 Searing Ray              Conj           0%         3d3       92%         2
 Slow                     Hex            0%         N/A       92%         2
 Static Discharge         Conj/Air       0%         N/A       92%         2
 Wereblood                Tmut           0%         N/A       92%         2
 Call Canine Familiar     Summ           0%         N/A       99%         3
 Dazzling Flash           Conj/Hex       0%         N/A       99%         3
 Frozen Ramparts          Ice            0%         1d2       99%         3
 Ignite Poison            Fire/Tmut/Pois 0%         N/A       99%         3
 Inner Flame              Hex/Fire       0%         N/A       99%         3
 Mephitic Cloud           Conj/Pois/Air  0%         N/A       99%         3
 Portal Projectile        Hex/Tloc       0%         N/A       99%         3
 Spider Form              Tmut/Pois      0%         N/A       99%         3
 Stone Arrow              Conj/Erth      0%         3d7       99%         3
 Summon Guardian Golem    Hex/Summ       0%         N/A       99%         3
 Swiftness                Air            0%         N/A       99%         3
 Vampiric Draining        Necr           0%         2d6       99%         3
 Airstrike                Air            0%         N/A       100%        4
 Animate Dead             Necr           0%         N/A       100%        4
 Cause Fear               Hex            0%         N/A       100%        4
 Fulminant Prism          Conj/Hex       0%         3d6       100%        4
 Ice Form                 Ice/Tmut       0%         N/A       100%        4
 Iskenderun's Mystic Bla  Conj/Tloc      0%         2d3       100%        4
 Leda's Liquefaction      Hex/Erth       0%         N/A       100%        4
 Olgreb's Toxic Radiance  Pois           0%         N/A       100%        4
 Petrify                  Tmut/Erth      0%         N/A       100%        4
 Summon Ice Beast         Ice/Summ       0%         N/A       100%        4
 Summon Lightning Spire   Summ/Air       0%         N/A       100%        4
 Agony                    Necr           0%         N/A       100%        5
 Hydra Form               Tmut           0%         N/A       100%        5
 Lee's Rapid Deconstruct  Erth           0%         3d5*      100%        5
 Lightning Bolt           Conj/Air       0%         1d11      100%        5
 Eringya's Noxious Bog    Tmut/Pois      0%         N/A       100%        6


Dungeon Overview and Level Annotations

Branches:
Dungeon (12/15)            Temple (1/1) D:5            Lair (1/6) D:10
    Orc (0/2) D:10         Bailey (visited)

Altars:
Ashenzari
Cheibriados
Dithmenos
Elyvilon
Fedhas
Gozag
Hepliaklqana
Kikubaaqudgha
Makhleb
Nemelex Xobeh
Okawaru
Qazlal
Ru
Sif Muna
Trog
Uskayaw
Vehumet
Wu Jian
Xom
Yredelemnul
Zin
The Shining One

Shops:
D:9 =

Annotations:
D:5 3 runed translucent doors, p0werm0de's ghost, novice MiFi
Lair:1 exclusion: oklob plant


Innate Abilities, Weirdness & Mutations

You have razor-sharp teeth.
Your natural rate of healing is unusually fast.
When hurt, damage is shared between your health and your magic reserves.
Your bite disrupts and absorbs the magic of your enemies.
Potions cannot restore your health.


Message History

The eight-headed hydra barely misses your hell rat.
The eight-headed hydra bites your hell rat!
Your hell rat dies!
You hit the eight-headed hydra.
Lightning courses through the eight-headed hydra!
You bite the eight-headed hydra! You drain its power.
You feel invigorated.
The eight-headed hydra is severely wounded.
You block the eight-headed hydra's attack.
The eight-headed hydra closely misses you.
The eight-headed hydra completely misses you.
The eight-headed hydra bites you!
The eight-headed hydra closely misses you.
You block the eight-headed hydra's attack.
The eight-headed hydra bites you.
The eight-headed hydra barely misses you.
Your shield prevents you from hitting the eight-headed hydra.
You bite the eight-headed hydra, but do no damage.
The eight-headed hydra is severely wounded.
You block the eight-headed hydra's attack. x2
The eight-headed hydra closely misses you.
The eight-headed hydra bites you!
The eight-headed hydra bites you but does no damage.
The eight-headed hydra closely misses you.
The eight-headed hydra barely misses you.
The eight-headed hydra bites you.
You barely miss the eight-headed hydra. You bite the eight-headed hydra.
You drain its power.
You feel invigorated.
The eight-headed hydra is severely wounded.
The eight-headed hydra bites you!
* * * LOW HITPOINT WARNING * * *
You block the eight-headed hydra's attack.
The eight-headed hydra bites you.
* * * LOW HITPOINT WARNING * * *
The eight-headed hydra bites you!
* * * LOW HITPOINT WARNING * * *
The eight-headed hydra bites you!
* * * LOW HITPOINT WARNING * * *
You block the eight-headed hydra's attack.
The eight-headed hydra bites you!
You die...

..#####...###.## #. ...#.###..#
#..##### ##. ......##.#####..##.#
#.. †...).#..###......## ##.#
...............)..## #..#
................#..# ### #.##
....≈≈PPP..P≈≈≈...## ##.#####.#
....P≈≈≈≈P.≈≈≈≈D#.#####........##
....PP≈≈P≈≈P≈P≈.@.........###...#
....≈P≈P≈≈P≈≈P≈....######## ##..#
....≈≈≈≈P≈P≈≈≈≈.##.# ##.#
....≈P≈≈≈≈≈≈≈≈≈..#.# #..
...♣P≈≈≈≈≈≈≈≈PP♣.#.# ##.
...♣≈≈≈≈≈≈≈≈≈≈≈ ...# #.
...♣P≈≈≈≈≈≈≈≈≈♣ .P.# ##
#..♣≈≈≈≈≈≈≈≈≈≈ #.. #
##.♣♣≈≈≈≈≈≈≈P #


You could see an eight-headed hydra.

Vanquished Creatures
  Gastronok (D:9)
  An orc warlord (Bailey)
  A centaur warrior (D:12)
  2 hydras
  A death knight (D:11)
  3 two-headed ogres
  Nergalle (D:12)
  Pikel (D:7)
  2 orc knights (Bailey)
  2 cyclopes
  A manticore (D:8)
  2 gargoyles (D:12)
  A cane toad (Lair:1)
  2 komodo dragons
  A freezing wraith (D:11)
  The ghost of p0werm0de the Skirmisher, an amateur MiFi (D:4)
  3 trolls
  A hornet (D:10)
  2 slime creatures (D:11)
  Sigmund (D:2)
  A wyvern (D:9)
  2 wraiths (D:11)
  8 yaks
  3 vampires
  A steam dragon (D:3)
  2 vampire mosquitoes (D:11)
  3 wargs (D:10)
  5 water moccasins
  An acid dragon (D:11)
  5 orc warriors
  A sky beast (D:7)
  2 black bears
  A hornet zombie (D:6)
  An ogre (D:4)
  2 ice beasts
  A necrophage (D:5)
  A centaur (D:9)
  2 phantoms (D:5)
  A kobold brigand (D:6)
  Blork the orc (D:4)
  2 gnoll sergeants
  A bullfrog (D:7)
  A scorpion (D:6)
  5 jellies
  7 wights
  3 killer bees (D:9)
  5 howler monkeys
  An electric eel (Lair:1)
  A bullfrog zombie (D:5)
  6 centaur zombies
  A gnoll shaman (D:8)
  4 orc priests
  A hound (D:4)
  3 bullfrog skeletons
  3 iguanas
  9 orc wizards
  3 hell rats (D:7)
  A hound skeleton (D:4)
  A howler monkey zombie (D:6)
  13 gnolls
  7 adders
  4 river rats (D:7)
  A white imp (D:6)
  An ufetubus (D:7)
  A worm (D:3)
  5 dart slugs
  32 orcs
  5 endoplasms
  A giant cockroach (D:3)
  17 goblins
  9 hobgoblins
  7 jackals
  4 quokkas
  2 ball pythons
  5 bats
  2 frilled lizards
  30 kobolds
  21 rats
299 creatures vanquished.

Vanquished Creatures (collateral kills)
  A skeletal warrior (D:11)
  A slime creature (D:11)
  3 yaks
  An acid dragon (D:10)
  An orc warrior (Bailey)
  A goblin (Bailey)
  A kobold (Bailey)
9 creatures vanquished.

Vanquished Creatures (others)
  2 fungi (D:5)
  6 plants
8 creatures vanquished.

Grand Total: 316 creatures vanquished

Notes
Turn   | Place    | Note
-------+----------+-------------------------------------------
     0 | D:1      | wakim the Vine Stalker Fighter began the quest for the Orb.
     0 | D:1      | Reached XP level 1. HP: 11/11 MP: 2/2
   224 | D:1      | Reached XP level 2. HP: 16/16 MP: 3/3
   248 | D:1      | Reached skill level 1 in Stealth
   530 | D:1      | Reached XP level 3. HP: 16/19 MP: 4/4
   695 | D:2      | Noticed Sigmund
  1403 | D:2      | Found a faded altar of an unknown god.
  2022 | D:2      | Reached skill level 2 in Stealth
  2308 | D:3      | Gained mutation: Your natural rate of healing is unusually
                  | fast. [Vine Stalker growth]
  2308 | D:3      | Reached XP level 4. HP: 17/24 MP: 3/5
  2587 | D:3      | Reached skill level 1 in Dodging
  2587 | D:3      | Reached XP level 5. HP: 21/28 MP: 6/6
  2802 | D:3      | Noticed a steam dragon
  2818 | D:3      | Killed a steam dragon
  2819 | D:3      | Reached skill level 3 in Stealth
  2819 | D:3      | Reached XP level 6. HP: 6/32 MP: 1/7
  3127 | D:4      | Noticed Blork the orc
  3127 | D:4      | Noticed an ice beast
  3429 | D:4      | Killed an ice beast
  3430 | D:4      | Reached skill level 4 in Stealth
  3627 | D:4      | Killed Blork the orc
  3628 | D:4      | Reached XP level 7. HP: 31/36 MP: 5/8
  3879 | D:4      | Found a runed translucent door.
  3881 | D:4      | Noticed p0werm0de's ghost (amateur MiFi)
  3882 | D:4      | Noticed a yak
  4295 | D:5      | Entered Level 5 of the Dungeon
  4467 | D:5      | Found a runed translucent gate.
  4468 | D:5      | Found a runed translucent gate.
  4469 | D:5      | Found a runed translucent gate.
  4469 | D:5      | Noticed p0werm0de's ghost (novice MiFi)
  4479 | D:5      | Reached skill level 5 in Stealth
  4485 | D:5      | Identified the +1 leather armour of the Eagle {rElec rC+
                  | Stlth+}
  4588 | D:5      | Gained mutation: You have razor-sharp teeth. [Vine Stalker
                  | growth]
  4588 | D:5      | Reached XP level 8. HP: 42/42 MP: 9/9
  4695 | D:5      | Identified the +8 chain mail "Figia" {Rampage +Blink rCorr
                  | Dex-3}
  5066 | D:5      | Reached skill level 6 in Stealth
  5494 | D:5      | Found a staircase to the Ecumenical Temple.
  5503 | Temple   | Entered the Ecumenical Temple
  5547 | Temple   | Became a worshipper of Uskayaw the Reveller
  5585 | D:5      | Reached * piety under Uskayaw
  5732 | D:6      | Reached ** piety under Uskayaw
  5775 | D:6      | Reached skill level 5 in Short Blades
  6065 | D:6      | Reached XP level 9. HP: 40/45 MP: 10/10
  6066 | D:6      | Reached *** piety under Uskayaw
  6077 | D:6      | Reached **** piety under Uskayaw
  6087 | D:6      | Found a white marble altar of Elyvilon.
  6129 | D:6      | Reached skill level 7 in Stealth
  6757 | D:7      | Noticed Pikel
  6774 | D:7      | Killed Pikel
  6864 | D:7      | Reached skill level 8 in Stealth
  7263 | D:7      | Found the +2 ratskin cloak {*Rats rPois rN+ Str-1 Int-1
                  | Dex+1}
  7751 | D:7      | Reached skill level 5 in Dodging
  8045 | D:2      | Killed Sigmund
  8046 | D:2      | Reached skill level 5 in Fighting
  8046 | D:2      | Reached skill level 5 in Shields
  8046 | D:2      | Reached XP level 10. HP: 49/51 MP: 11/11
  8123 | D:4      | Killed p0werm0de's ghost
  8829 | D:8      | Reached skill level 9 in Stealth
  8950 | D:8      | Noticed a manticore
  9150 | D:8      | Killed a manticore
  9459 | D:9      | Noticed Gastronok
  9464 | D:9      | Found a flagged portal.
  9597 | Bailey   | Entered a bailey
  9602 | Bailey   | Noticed an orc warlord
  9684 | Bailey   | Noticed an orc knight
  9737 | Bailey   | Killed an orc knight
  9738 | Bailey   | Reached skill level 5 in Armour
  9792 | Bailey   | Found a runed translucent gate.
  9797 | Bailey   | Found a runed translucent gate.
  9800 | Bailey   | Found a runed translucent gate.
  9807 | Bailey   | Noticed an orc knight
  9875 | Bailey   | Killed an orc knight
  9876 | Bailey   | Reached skill level 1 in Invocations
 10243 | Bailey   | Killed an orc warlord
 10244 | Bailey   | Reached XP level 11. HP: 44/56 MP: 7/13
 10331 | Bailey   | Identified the Compendium of the Noxious Frostbite
 10907 | D:9      | Killed Gastronok
 10908 | D:9      | Reached skill level 10 in Stealth
 10946 | D:9      | Found Ostruciwki's Jewellery Shoppe.
 11120 | D:9      | Found Judoi's Assorted Antiques.
 11346 | D:10     | Entered Level 10 of the Dungeon
 11380 | D:10     | Found a staircase to the Lair.
 11727 | D:10     | Found a staircase to the Orcish Mines.
 11865 | D:10     | Reached ***** piety under Uskayaw
 12290 | D:11     | Noticed a two-headed ogre
 12294 | D:11     | Killed a two-headed ogre
 12504 | D:11     | Noticed a two-headed ogre
 12511 | D:11     | Killed a two-headed ogre
 12512 | D:11     | Reached XP level 12. HP: 62/62 MP: 15/15
 13383 | D:12     | Noticed a two-headed ogre
 13389 | D:12     | Killed a two-headed ogre
 13412 | D:12     | Noticed a centaur warrior
 13579 | D:12     | Noticed Nergalle
 13718 | D:12     | Killed Nergalle
 13754 | D:12     | Killed a centaur warrior
 13755 | D:12     | Reached skill level 11 in Stealth
 13869 | D:12     | Noticed a four-headed hydra
 13872 | D:12     | Noticed a death knight
 13910 | D:11     | HP: 2/62 [freezing wraith[a death knight] (8)]
 14248 | D:11     | Killed a death knight
 14432 | D:12     | Killed a four-headed hydra
 14767 | Lair:1   | Entered Level 1 of the Lair of Beasts
 14767 | Lair:1   | Noticed a five-headed hydra
 14856 | D:10     | Killed a five-headed hydra
 15022 | Lair:1   | Found a broken altar of Ashenzari.
 15048 | Lair:1   | Reached XP level 13. HP: 67/67 MP: 17/17
 15215 | Lair:1   | Slain by an eight-headed hydra

Illustrated notes

Levels and vault maps discovered:
D:1:      matt_arrival_los_fun, layout_rooms
D:2:      layout_rooms, shapermc_ecumenical_altar_notcrosses,
          corexii_corridor_pit, minmay_ruptured, uniq_sigmund
D:3:      layout_basic, st_stairs_2
D:4:      layout_gridville, ebering_ghost_inner_flame, uniq_blork_the_orc
D:5:      layout_gridville, temple_green, gammafunk_ghost_nasty_kobolds,
          minmay_manual_maat
D:6:      layout_basic, elyvilon_altar_5, solitary_fountain
D:7:      wander_guarded_unrand_ratskin, layout_loops_corners,
          roderic_roman_lattice, uniq_pikel
D:8:      layout_basic
D:9:      layout_basic, enter_bailey_5, serial_shops, shop, nicolae_shop_stone,
          kennysheep_small_square, uniq_gastronok
D:10:     layout_cave_pools, david_lair_shrubbed, david_orc_1_choice
D:11:     layout_gridville
D:12:     layout_cave_pools, moated_statue, uniq_nergalle
Temple:   grunt_wide_crystal_templ
Lair:1:   layout_cave_pods, basic_altar, minmay_lair_oklob_bushes,
          serial_bayou_shore_a

Skill      XL: |  1  2  3  4  5  6  7  8  9 10 11 12 |
---------------+-------------------------------------+-----
Short Blades   | 2 3 4 5 6 7 8 9 |  9.6
Stealth        | 1 2 3 4 5 6 8 9 10 11 | 11.3
Fighting       | 3 4 5 6 7 |  7.2
Shields        | 3 4 5 6 7 |  7.2
Dodging        | 1 2 3 5 6 7 8 |  8.4
Armour         | 3 4 5 6 |  6.5
Invocations    | 1 3 4 |  4.9

Action                   |  1- 3 |  4- 6 |  7- 9 | 10-12 | 13-15 || total
-------------------------+-------+-------+-------+-------+-------++-------
Melee: Rapier            |     8 |    63 |   211 |   392 |    11 ||   685
       Dagger            |    92 |    22 |    42 |   184 |     6 ||   346
       Bite              |    33 |    33 |    81 |   256 |     8 ||   411
Throw: Boomerang         |       |       |       |    22 |       ||    22
Invok: Line Pass         |       |       |       |     2 |       ||     2
  Use: Scroll            |     3 |     2 |     3 |     9 |       ||    17
 Stab: Sleeping          |       |     1 |    16 |    19 |       ||    36
       Distracted        |       |       |     4 |     3 |       ||     7
       Paralysed         |       |       |     4 |    13 |       ||    17
       Confused          |       |       |       |     2 |       ||     2
Armor: Scale mail        |    28 |    20 |       |       |       ||    48
       Steam dragon scal |       |     8 |    14 |       |       ||    22
       Leather armour    |       |       |    20 |    96 |    10 ||   126
Dodge: Dodged            |    53 |    40 |    89 |   300 |    24 ||   506
Block: Kite shield       |    40 |    38 |   119 |   359 |    22 ||   578

Table legend: (Time is in decaauts)
 A = Elapsed time spent in this place.
 B = Non-inter-level travel time spent in this place.
 C = Inter-level travel time spent in this place.
 D = Time resting spent in this place.
 E = Time spent auto-exploring this place.
 F = Levels seen in this place.
 G = Mean time per level.
                   A        B        C        D        E       F      G
               +--------+--------+--------+--------+--------+-----+--------+
         Total |  15258 |  14239 |   1019 |    549 |   9897 |  15 | 1017.2 |
       Dungeon |  14090 |  13078 |   1012 |    549 |   9218 |  12 | 1174.2 |
        Temple |     69 |     62 |      7 |      0 |     55 |   1 |   69.0 |
          Lair |    343 |    343 |      0 |      0 |    237 |   1 |  343.0 |
        Bailey |    754 |    754 |      0 |      0 |    386 |   1 |  754.0 |
               +--------+--------+--------+--------+--------+-----+--------+

Top non-repeatable levels by time:
    D:11: 1708 daAuts
     D:7: 1601 daAuts
     D:1: 1550 daAuts
     D:5: 1385 daAuts
     D:4: 1282 daAuts
     D:9: 1192 daAuts
    D:10: 1059 daAuts
     D:8: 1004 daAuts
     D:3: 979 daAuts
     D:6: 827 daAuts
     D:2: 762 daAuts
  Bailey: 754 daAuts
    D:12: 737 daAuts
  Lair:1: 343 daAuts
  Temple: 69 daAuts
